 Dungeon Crawl Stone Soup version 0.26.1-10-gdfb7c7de75 (webtiles) character file.

Game seed: 4600513528229059056

291 Chiseanne the Magician (level 6, 40/41 HPs)
             Began as a Demonspawn Hedge Wizard on Apr 11, 2021.
             Quit the game on level 4 of the Dungeon.
             The game lasted 00:08:57 (6062 turns).

Chiseanne the Magician (Demonspawn Hedge Wizard)    Turns: 6062, Time: 00:08:57

Health: 40/41      AC:  6    Str: 10    XL:     6   Next: 10%
Magic:  6/13       EV: 12    Int: 17    God:
Gold:   175        SH:  0    Dex: 13    Spells: 9/15 levels left

rFire    . . .     SeeInvis .   a - +3 short sword
rCold    . . .     Faith    .   (no shield)
rNeg     . . .     Spirit   .   b - +0 robe
rPois    +         Reflect  .   t - +0 helmet
rElec    .         Harm     .   (no cloak)
rCorr    .         Rampage  .   (no gloves)
Will     .....                  p - +0 pair of boots
Stlth    ++........             (no amulet)
HPRegen  0.13/turn              (no ring)
MPRegen  0.13/turn              r - ring of poison resistance

@: no status effects
A: hooves 1, iridescent scales 1, foul stench 1, miasma immunity
a: no special abilities


You were on level 4 of the Dungeon.
You visited 1 branch of the dungeon, and saw 4 of its levels.

You collected 175 gold pieces.

Inventory:

Hand Weapons
 a - a +3 short sword (weapon)
 f - a +0 club
 s - a +3 hand axe
Missiles
 g - 2 throwing nets
 h - 31 sling bullets
 j - 25 bolts
 k - 175 stones
 o - 22 arrows
Armour
 b - a +0 robe (worn)
 p - a +0 pair of boots (worn)
 t - a +0 helmet (worn)
Jewellery
 i - an uncursed ring of fire
 r - a ring of poison resistance (right hand)
Scrolls
 m - a scroll of remove curse
 n - 3 scrolls of teleportation
Potions
 c - a potion of heal wounds
 d - a potion of lignification
 e - 3 potions of brilliance
 l - 2 potions of curing
 u - a potion of ambrosia


   Skills:
 - Level 1.7 Dodging
 - Level 1.7 Stealth
 * Level 5.0 Spellcasting
 * Level 4.3 Conjurations
 - Level 1.0 Summonings
 - Level 0.8 Translocations


You had 9 spell levels left.
You knew the following spells:

 Your Spells              Type           Power        Failure   Level
a - Magic Dart            Conj           76%          2%          1
b - Blink                 Tloc           N/A          16%         2
d - Mephitic Cloud        Conj/Pois/Air  9%           24%         3

Your spell library contained the following spells:

 Spells                   Type           Power        Failure   Level
 Call Imp                 Summ           7%           14%         2
 Conjure Flame            Conj/Fire      11%          17%         3
 Slow                     Hex            4%           22%         2


Dungeon Overview and Level Annotations

Branches:
Dungeon (4/15)
 Temple: D:4-7

Altars:
Hepliaklqana
Trog
Yredelemnul


Innate Abilities, Weirdness & Mutations

You have large cloven feet.
You are partially covered in iridescent scales. (AC +2)
You may emit foul miasma when damaged in melee.
You are immune to miasma.


Message History

You closely miss the orc wizard.
The orc wizard is severely wounded.
The orc wizard casts a spell at itself.
The orc wizard flickers and vanishes!
Deactivating autopickup; reactivate with Ctrl-A.
You miss something. Something hits you but does no damage.
You hit something. Something completely misses you.
You miss something.
You hear some strange, mumbled words.
You barely miss something.
Something hits you but does no damage. x2
You puncture something!
Reactivating autopickup.
You feel a bit more experienced.
Your Spellcasting skill increases to level 5!
You have reached level 6!
Your experience leads to an increase in your attributes!
Increase (s)trength, (i)ntelligence, or (d)exterity?
You feel clever.
Your demonic ancestry asserts itself...
Your feet thicken and deform.
Are you sure you want to abandon this character and quit the game? (Confirm with "yes".)

##..........
#.o..#####. .. #....#
##+###.# #....#
......S#
#....###.[.....# #
####..##.......# .#
##.##....)..###.# #.#
.......#<..#
#ยง.###.###.)@.#####
##.#................
##.#.#.#.......#.###
###........=.#.......
....#....###.......##.
..........#####..##..
..........##.....# ...
.......#..##..#.## ..
................#


There were no monsters in sight!

Vanquished Creatures
  An orc priest (D:4)
  2 orc wizards
  A bullfrog skeleton (D:4)
  3 gnolls
  5 adders
  4 worms
  2 dart slugs
  A leopard gecko (D:3)
  3 orcs (D:3)
  A ball python (D:4)
  14 bats
  6 giant cockroaches
  9 goblins
  4 hobgoblins
  7 jackals
  2 quokkas
  6 frilled lizards
  10 kobolds
  A leopard gecko skeleton (D:4)
  7 rats
89 creatures vanquished.

Notes
Turn   | Place    | Note
-------+----------+-------------------------------------------
     0 | D:1      | Chiseanne the Demonspawn Hedge Wizard began the quest for
                  | the Orb.
     0 | D:1      | Reached XP level 1. HP: 13/13 MP: 4/4
   417 | D:1      | Gained mutation: You are partially covered in iridescent
                  | scales. (AC +2) [demonic ancestry]
   417 | D:1      | Reached XP level 2. HP: 19/19 MP: 3/6
  1543 | D:1      | Reached XP level 3. HP: 24/24 MP: 6/8
  2020 | D:2      | Found a basalt altar of Yredelemnul.
  2570 | D:2      | Gained mutation: You are immune to miasma. [demonic
                  | ancestry]
  2570 | D:2      | Reached XP level 4. HP: 30/30 MP: 3/9
  2704 | D:2      | Reached skill level 4 in Spellcasting
  4099 | D:3      | Chiseanne: why the fuck are they running faster than me ?
                  | stupid fuckers
  4460 | D:3      | Found a hazy altar of Hepliaklqana.
  4517 | D:3      | Found a bloodstained altar of Trog.
  4786 | D:3      | Learned a level 2 spell: Blink
  4790 | D:3      | Learned a level 3 spell: Mephitic Cloud
  4901 | D:3      | Gained mutation: You may emit foul miasma when damaged in
                  | melee. [demonic ancestry]
  4901 | D:3      | Reached XP level 5. HP: 11/35 MP: 3/11
  6062 | D:4      | Reached skill level 5 in Spellcasting
  6062 | D:4      | Gained mutation: You have large cloven feet. [demonic
                  | ancestry]
  6062 | D:4      | Reached XP level 6. HP: 40/41 MP: 6/13
  6062 | D:4      | Quit the game

Illustrated notes

Levels and vault maps discovered:
D:1:      saegor_arrival_miasma, layout_loops_ring, due_unseen_surprise
D:2:      layout_loops_ring, marbit_many_paths
D:3:      layout_basic, overflow_temple_1_default, trog_hazing_becter
D:4:      layout_basic, uniq_blork_the_orc

Skill      XL: |  1  2  3  4  5 |
---------------+----------------+-----
Conjurations   | 2 3 4 |  4.3
Spellcasting   | 4 5 |  5.0
Dodging        | |  1.7
Stealth        | |  1.7
Summonings     | |  1.0
Translocations | |  0.8

Action                   |  1- 3 |  4- 6 || total
-------------------------+-------+-------++-------
Melee: Short sword       |    34 |    42 ||    76
       Dagger            |     2 |       ||     2
       Hand axe          |       |     2 ||     2
 Cast: Magic Dart        |    98 |   152 ||   250
       Mephitic Cloud    |       |     4 ||     4
  Use: Scroll            |     3 |    14 ||    17
       Potion            |       |     1 ||     1
 Stab: Sleeping          |     1 |       ||     1
       Confused          |       |     2 ||     2
Armor: Robe              |    18 |    22 ||    40
Dodge: Dodged            |    50 |    48 ||    98
